[ PARTIDA AOE2 · #492614604 ]
Team RMGodos vs Vietnamese
[ ANÁLISIS DE REPETICIÓN · EXTRAÍDO DE LA PARTIDA GRABADA ]
Feudal
11:06
Castillos
29:12
Imperial
—
| APM promedio | 21.2 |
| APM pico | 58 |
| eAPM promedio | 12.1 |
| Aldeanos / militares | 61 / 72 |
Foco
⚔️ 38.1% · 🌾 61.9%
Spearman ×40 · Skirmisher ×25 · Archer ×5 · Huskarl ×2
Feudal
9:20
Castillos
25:28
Imperial
—
| APM promedio | 25.0 |
| APM pico | 99 |
| eAPM promedio | 11.3 |
| Aldeanos / militares | 53 / 37 |
Foco
⚔️ 31.0% · 🌾 69.0%
Knight ×18 · Scout Cavalry ×15 · Spearman ×4
Feudal
9:19
Castillos
22:17
Imperial
—
| APM promedio | 30.8 |
| APM pico | 56 |
| eAPM promedio | 14.2 |
| Aldeanos / militares | 63 / 49 |
Foco
⚔️ 27.7% · 🌾 72.3%
Archer ×46 · Mangonel ×2 · Scorpion ×1
Feudal
10:17
Castillos
25:44
Imperial
—
| APM promedio | 42.3 |
| APM pico | 93 |
| eAPM promedio | 19.5 |
| Aldeanos / militares | 93 / 85 |
Foco
⚔️ 22.6% · 🌾 77.4%
Knight ×52 · Steppe Lancer ×25 · Scout Cavalry ×8
Feudal
9:53
Castillos
24:41
Imperial
—
| APM promedio | 50.5 |
| APM pico | 92 |
| eAPM promedio | 19.4 |
| Aldeanos / militares | 76 / 49 |
Foco
⚔️ 31.6% · 🌾 68.4%
Conquistador ×23 · Scout Cavalry ×6 · Knight ×6 · Skirmisher ×5 · Scorpion ×3 · Spearman ×2
Feudal
10:11
Castillos
26:44
Imperial
—
| APM promedio | 22.9 |
| APM pico | 64 |
| eAPM promedio | 12.3 |
| Aldeanos / militares | 45 / 38 |
Foco
⚔️ 26.4% · 🌾 73.6%
Skirmisher ×22 · Spearman ×13 · Iron Pagoda ×3
Mapa de la partida
Recursos iniciales + cada clic de construcción. Líneas = muros · curvas = relieve. ◆ oro · ⬟ piedra · ● bayas · ✦ reliquia · ◌ hueco del cierre
Tu base· Abierta — hueco de 7t
Base de Portel4· ✓ Cerrada en 25:28 · 76t muro · sin puerta
Base de Ragnar Stark· Abierta — hueco de 6t
Base de ggggidea· Abierta — hueco de 7t
Base de jusart.92· ✓ Cerrada en 24:41 · 37t muro · 1 puerta(s)
Base de 一杯茶· Abierta — hueco de 1t
Terreno inicial suavizado · ◌ = hueco del cierre detectado · pasá el cursor para detalles
Inputs por minuto
— woohoohoo - - Portel4
Build order — woohoohoo
Primeras 150 de 217 acciones detectadas
| 0:02 | Crear | Villager (Male) |
| 0:02 | Crear | Villager (Male) |
| 0:03 | Crear | Villager (Male) |
| 0:03 | Crear | Villager (Male) |
| 0:05 | Construir | House |
| 0:07 | Construir | House |
| 1:07 | Investigar | Loom |
| 1:35 | Crear | Villager (Male) |
| 1:35 | Crear | Villager (Male) |
| 1:48 | Construir | Lumber Camp |
| 1:59 | Crear | Villager (Male) |
| 1:59 | Crear | Villager (Male) |
| 2:35 | Crear | Villager (Male) |
| 2:35 | Crear | Villager (Male) |
| 2:54 | Crear | Villager (Male) |
| 3:23 | Crear | Villager (Male) |
| 3:23 | Crear | Villager (Male) |
| 3:36 | Crear | Villager (Male) |
| 3:36 | Crear | Villager (Male) |
| 3:40 | Construir | House |
| 3:42 | Construir | House |
| 3:43 | Construir | House |
| 4:11 | Crear | Villager (Male) |
| 4:12 | Crear | Villager (Male) |
| 4:19 | Crear | Villager (Male) |
| 4:20 | Crear | Villager (Male) |
| 5:04 | Construir | House |
| 5:32 | Crear | Villager (Male) |
| 5:32 | Crear | Villager (Male) |
| 5:32 | Crear | Villager (Male) |
| 6:09 | Crear | Villager (Male) |
| 6:51 | Construir | Mill |
| 8:06 | Crear | Villager (Male) |
| 8:07 | Crear | Villager (Male) |
| 8:54 | Investigar | Feudal Age |
| 9:06 | Construir | Barracks |
| 9:21 | Construir | Palisade Wall |
| 9:23 | Construir | Palisade Wall |
| 9:47 | Construir | Mining Camp |
| 11:06 | Edad | Edad Feudal |
| 11:14 | Construir | Archery Range |
| 11:22 | Crear | Villager (Male) |
| 11:22 | Crear | Villager (Male) |
| 11:25 | Investigar | Double-Bit Axe |
| 11:37 | Crear | Skirmisher |
| 11:37 | Crear | Skirmisher |
| 11:42 | Crear | Spearman |
| 11:42 | Crear | Spearman |
| 11:51 | Crear | Villager (Male) |
| 12:03 | Construir | Mining Camp |
| 12:21 | Crear | Skirmisher |
| 12:39 | Crear | Skirmisher |
| 12:39 | Crear | Skirmisher |
| 12:50 | Crear | Spearman |
| 13:04 | Crear | Villager (Male) |
| 13:04 | Crear | Villager (Male) |
| 13:13 | Construir | Palisade Wall |
| 13:30 | Crear | Spearman |
| 13:55 | Crear | Spearman |
| 13:56 | Crear | Spearman |
| 14:03 | Crear | Skirmisher |
| 14:03 | Crear | Skirmisher |
| 14:46 | Crear | Villager (Male) |
| 14:46 | Crear | Villager (Male) |
| 14:49 | Construir | House |
| 14:51 | Construir | House |
| 14:53 | Construir | House |
| 15:58 | Crear | Villager (Male) |
| 15:58 | Crear | Villager (Male) |
| 15:59 | Crear | Villager (Male) |
| 16:06 | Construir | Blacksmith |
| 16:10 | Crear | Villager (Male) |
| 16:10 | Crear | Villager (Male) |
| 16:46 | Crear | Villager (Male) |
| 16:46 | Crear | Villager (Male) |
| 16:53 | Construir | Farm |
| 16:54 | Construir | Farm |
| 16:54 | Construir | Farm |
| 16:54 | Construir | Farm |
| 16:55 | Construir | Farm |
| 16:55 | Construir | Farm |
| 17:47 | Construir | Palisade Gate |
| 19:00 | Crear | Villager (Male) |
| 19:01 | Crear | Villager (Male) |
| 19:04 | Construir | Farm |
| 19:04 | Construir | Farm |
| 19:05 | Construir | Farm |
| 19:05 | Construir | Farm |
| 19:05 | Construir | Farm |
| 19:05 | Construir | Farm |
| 19:06 | Construir | Farm |
| 19:46 | Crear | Villager (Male) |
| 19:46 | Crear | Villager (Male) |
| 20:17 | Construir | Farm |
| 20:17 | Construir | Farm |
| 20:17 | Construir | Farm |
| 20:18 | Construir | Farm |
| 20:18 | Construir | Farm |
| 20:18 | Construir | Farm |
| 20:19 | Construir | Farm |
| 20:19 | Construir | Farm |
| 20:19 | Construir | Farm |
| 20:20 | Construir | Farm |
| 20:20 | Construir | Farm |
| 20:20 | Construir | Farm |
| 22:11 | Construir | Farm |
| 22:14 | Crear | Spearman |
| 22:14 | Crear | Spearman |
| 22:16 | Crear | Skirmisher |
| 22:17 | Crear | Skirmisher |
| 22:32 | Construir | Lumber Camp |
| 22:42 | Construir | Farm |
| 22:44 | Construir | Farm |
| 22:47 | Construir | Farm |
| 22:52 | Crear | Spearman |
| 22:55 | Crear | Skirmisher |
| 22:55 | Crear | Skirmisher |
| 23:27 | Investigar | Fletching |
| 23:32 | Investigar | Forging |
| 23:35 | Crear | Villager (Male) |
| 23:36 | Crear | Villager (Male) |
| 24:09 | Construir | Farm |
| 24:11 | Construir | Farm |
| 24:12 | Construir | Farm |
| 24:36 | Construir | Barracks |
| 24:45 | Crear | Spearman |
| 24:47 | Crear | Skirmisher |
| 25:09 | Construir | House |
| 25:10 | Construir | House |
| 25:51 | Construir | Farm |
| 25:57 | Construir | Farm |
| 26:32 | Investigar | Castle Age |
| 26:32 | Investigar | Castle Age |
| 26:32 | Investigar | Castle Age |
| 26:36 | Crear | Skirmisher |
| 26:36 | Crear | Skirmisher |
| 26:37 | Crear | Skirmisher |
| 26:37 | Crear | Archer |
| 26:38 | Crear | Archer |
| 26:38 | Crear | Archer |
| 26:39 | Crear | Archer |
| 26:39 | Crear | Archer |
| 27:58 | Crear | Spearman |
| 27:59 | Crear | Spearman |
| 27:59 | Crear | Spearman |
| 28:00 | Crear | Spearman |
| 28:00 | Crear | Spearman |
| 28:24 | Construir | House |
| 28:25 | Construir | House |
| 28:44 | Crear | Spearman |
Build order — Portel4
Primeras 150 de 172 acciones detectadas
| 0:00 | Crear | Villager (Male) |
| 0:01 | Crear | Villager (Male) |
| 0:01 | Crear | Villager (Male) |
| 0:01 | Crear | Villager (Male) |
| 0:04 | Construir | House |
| 0:05 | Construir | House |
| 1:39 | Crear | Villager (Male) |
| 1:46 | Construir | Lumber Camp |
| 1:58 | Crear | Villager (Male) |
| 2:22 | Crear | Villager (Male) |
| 2:54 | Crear | Villager (Male) |
| 3:03 | Construir | House |
| 3:05 | Crear | Villager (Male) |
| 3:26 | Crear | Villager (Male) |
| 4:01 | Crear | Villager (Male) |
| 4:31 | Crear | Villager (Male) |
| 4:57 | Crear | Villager (Male) |
| 4:58 | Crear | Villager (Male) |
| 5:12 | Construir | Mill |
| 5:49 | Crear | Villager (Male) |
| 5:49 | Crear | Villager (Male) |
| 5:49 | Crear | Villager (Male) |
| 5:54 | Investigar | Loom |
| 7:10 | Investigar | Feudal Age |
| 8:25 | Construir | Barracks |
| 9:14 | Construir | House |
| 9:19 | Crear | Villager (Male) |
| 9:19 | Crear | Villager (Male) |
| 9:20 | Edad | Edad Feudal |
| 9:23 | Investigar | Double-Bit Axe |
| 9:33 | Construir | Stable |
| 9:35 | Crear | Villager (Male) |
| 9:36 | Crear | Villager (Male) |
| 9:45 | Construir | Farm |
| 9:49 | Construir | Farm |
| 10:07 | Construir | Palisade Wall |
| 10:09 | Construir | Palisade Wall |
| 10:12 | Crear | Villager (Male) |
| 10:29 | Construir | House |
| 10:32 | Construir | Farm |
| 10:33 | Crear | Villager (Male) |
| 10:36 | Crear | Scout Cavalry |
| 10:36 | Crear | Scout Cavalry |
| 10:50 | Crear | Villager (Male) |
| 11:01 | Construir | Mill |
| 11:09 | Construir | House |
| 11:10 | Construir | House |
| 11:14 | Crear | Scout Cavalry |
| 11:15 | Crear | Villager (Male) |
| 11:19 | Construir | Farm |
| 11:25 | Construir | Farm |
| 11:36 | Crear | Scout Cavalry |
| 12:06 | Construir | Palisade Wall |
| 12:12 | Crear | Villager (Male) |
| 12:13 | Crear | Villager (Male) |
| 12:14 | Construir | Farm |
| 12:19 | Construir | Farm |
| 13:03 | Construir | Farm |
| 13:05 | Construir | Farm |
| 13:08 | Construir | Farm |
| 13:09 | Crear | Villager (Male) |
| 13:10 | Crear | Villager (Male) |
| 13:30 | Crear | Scout Cavalry |
| 13:40 | Crear | Scout Cavalry |
| 14:02 | Crear | Spearman |
| 14:02 | Crear | Spearman |
| 14:07 | Construir | Farm |
| 14:08 | Construir | Farm |
| 14:27 | Construir | Blacksmith |
| 15:08 | Crear | Spearman |
| 15:26 | Crear | Spearman |
| 15:39 | Investigar | Forging |
| 15:51 | Construir | Palisade Wall |
| 16:06 | Crear | Villager (Male) |
| 16:06 | Crear | Villager (Male) |
| 16:33 | Investigar | Scale Barding Armor |
| 16:35 | Crear | Villager (Male) |
| 16:35 | Crear | Villager (Male) |
| 16:39 | Construir | Farm |
| 16:41 | Investigar | Horse Collar |
| 16:45 | Construir | Farm |
| 17:01 | Crear | Scout Cavalry |
| 17:17 | Crear | Villager (Male) |
| 17:24 | Construir | Farm |
| 17:34 | Construir | House |
| 17:38 | Construir | Farm |
| 17:45 | Construir | Palisade Wall |
| 18:01 | Construir | House |
| 18:04 | Crear | Villager (Male) |
| 18:36 | Construir | Farm |
| 18:39 | Crear | Villager (Male) |
| 18:40 | Crear | Villager (Male) |
| 19:19 | Construir | Farm |
| 19:20 | Crear | Villager (Male) |
| 19:20 | Crear | Villager (Male) |
| 19:21 | Construir | Mining Camp |
| 19:23 | Crear | Villager (Male) |
| 19:30 | Construir | Palisade Wall |
| 19:36 | Construir | Palisade Wall |
| 20:30 | Crear | Villager (Male) |
| 20:54 | Crear | Villager (Male) |
| 20:59 | Construir | Farm |
| 21:00 | Construir | Farm |
| 21:00 | Construir | Farm |
| 21:01 | Construir | Farm |
| 21:04 | Investigar | Bloodlines |
| 21:13 | Construir | Stable |
| 21:35 | Construir | Farm |
| 21:45 | Crear | Villager (Male) |
| 21:46 | Crear | Villager (Male) |
| 21:51 | Investigar | Wheelbarrow |
| 21:59 | Construir | Farm |
| 21:59 | Construir | Farm |
| 22:01 | Crear | Scout Cavalry |
| 22:02 | Crear | Scout Cavalry |
| 22:02 | Crear | Scout Cavalry |
| 22:02 | Crear | Scout Cavalry |
| 22:33 | Construir | Farm |
| 22:48 | Investigar | Castle Age |
| 22:51 | Construir | House |
| 22:53 | Construir | House |
| 22:54 | Construir | House |
| 23:07 | Crear | Scout Cavalry |
| 23:40 | Crear | Scout Cavalry |
| 23:40 | Crear | Scout Cavalry |
| 23:40 | Crear | Scout Cavalry |
| 25:19 | Construir | Farm |
| 25:24 | Investigar | Wheelbarrow |
| 25:28 | Edad | Edad de los Castillos |
| 25:28 | Crear | Villager (Male) |
| 25:29 | Crear | Villager (Male) |
| 25:29 | Crear | Villager (Male) |
| 25:32 | Investigar | Bow Saw |
| 25:37 | Investigar | Husbandry |
| 25:42 | Crear | Knight |
| 25:42 | Crear | Knight |
| 25:43 | Crear | Knight |
| 26:01 | Crear | Villager (Male) |
| 26:02 | Crear | Villager (Male) |
| 26:07 | Construir | Town Center |
| 26:21 | Crear | Knight |
| 26:22 | Crear | Knight |
| 26:22 | Crear | Knight |
| 26:47 | Crear | Knight |
| 26:47 | Crear | Knight |
| 26:49 | Crear | Villager (Male) |
| 27:13 | Investigar | Chain Barding Armor |
| 27:19 | Investigar | Gold Mining |
| 27:27 | Investigar | Heavy Plow |
| 27:29 | Crear | Villager (Male) |
Build order — Ragnar Stark
Primeras 150 de 186 acciones detectadas
| 0:02 | Construir | House |
| 0:02 | Crear | Villager (Male) |
| 0:02 | Crear | Villager (Male) |
| 0:04 | Crear | Villager (Male) |
| 0:04 | Crear | Villager (Male) |
| 0:05 | Crear | Villager (Male) |
| 0:07 | Construir | House |
| 1:11 | Investigar | Loom |
| 1:29 | Crear | Villager (Male) |
| 1:29 | Crear | Villager (Male) |
| 2:02 | Construir | Lumber Camp |
| 2:03 | Crear | Villager (Male) |
| 2:03 | Crear | Villager (Male) |
| 2:33 | Crear | Villager (Male) |
| 2:34 | Crear | Villager (Male) |
| 2:51 | Crear | Villager (Male) |
| 2:51 | Crear | Villager (Male) |
| 3:06 | Crear | Villager (Male) |
| 3:21 | Construir | House |
| 3:23 | Construir | House |
| 3:41 | Crear | Villager (Male) |
| 4:02 | Crear | Villager (Male) |
| 4:02 | Crear | Villager (Male) |
| 4:02 | Crear | Villager (Male) |
| 4:08 | Crear | Villager (Male) |
| 4:08 | Crear | Villager (Male) |
| 4:08 | Crear | Villager (Male) |
| 4:32 | Crear | Villager (Male) |
| 4:33 | Crear | Villager (Male) |
| 5:44 | Crear | Villager (Male) |
| 5:45 | Crear | Villager (Male) |
| 5:48 | Investigar | Loom |
| 6:00 | Construir | Mill |
| 7:04 | Investigar | Feudal Age |
| 7:45 | Construir | Mining Camp |
| 8:35 | Construir | Barracks |
| 8:43 | Construir | House |
| 9:13 | Crear | Villager (Male) |
| 9:13 | Crear | Villager (Male) |
| 9:19 | Edad | Edad Feudal |
| 9:55 | Construir | Archery Range |
| 9:58 | Crear | Villager (Male) |
| 10:00 | Investigar | Double-Bit Axe |
| 10:11 | Crear | Villager (Male) |
| 10:44 | Crear | Villager (Male) |
| 10:48 | Crear | Archer |
| 10:48 | Crear | Archer |
| 11:06 | Construir | House |
| 11:17 | Crear | Villager (Male) |
| 11:25 | Construir | Archery Range |
| 11:31 | Crear | Archer |
| 11:31 | Crear | Archer |
| 11:47 | Crear | Villager (Male) |
| 11:50 | Construir | Farm |
| 11:54 | Construir | Farm |
| 12:06 | Crear | Archer |
| 12:07 | Crear | Archer |
| 12:07 | Crear | Archer |
| 12:18 | Crear | Villager (Male) |
| 12:18 | Crear | Villager (Male) |
| 12:23 | Construir | Palisade Wall |
| 12:31 | Crear | Archer |
| 12:59 | Construir | House |
| 13:01 | Construir | House |
| 13:12 | Crear | Villager (Male) |
| 13:12 | Crear | Villager (Male) |
| 13:16 | Construir | Farm |
| 13:21 | Crear | Archer |
| 13:22 | Crear | Archer |
| 13:28 | Construir | House |
| 13:30 | Crear | Villager (Male) |
| 13:40 | Crear | Archer |
| 13:56 | Construir | Blacksmith |
| 13:59 | Crear | Villager (Male) |
| 14:09 | Construir | Farm |
| 14:11 | Construir | Farm |
| 14:23 | Crear | Villager (Male) |
| 14:24 | Crear | Villager (Male) |
| 14:40 | Construir | Palisade Wall |
| 14:42 | Crear | Villager (Male) |
| 14:43 | Crear | Villager (Male) |
| 14:57 | Crear | Villager (Male) |
| 15:10 | Crear | Villager (Male) |
| 15:17 | Construir | Farm |
| 15:22 | Construir | Farm |
| 15:24 | Construir | Farm |
| 15:38 | Construir | House |
| 15:40 | Crear | Archer |
| 15:40 | Crear | Archer |
| 15:41 | Crear | Archer |
| 15:52 | Construir | House |
| 15:55 | Construir | Farm |
| 17:26 | Construir | House |
| 17:27 | Construir | House |
| 17:28 | Crear | Villager (Male) |
| 17:44 | Investigar | Fletching |
| 18:14 | Construir | House |
| 18:19 | Construir | Farm |
| 18:20 | Crear | Villager (Male) |
| 18:28 | Construir | Market |
| 18:29 | Construir | Palisade Wall |
| 19:21 | Construir | Farm |
| 19:23 | Construir | Farm |
| 19:24 | Construir | Farm |
| 19:24 | Construir | Farm |
| 19:24 | Construir | Farm |
| 19:37 | Investigar | Castle Age |
| 19:38 | Crear | Archer |
| 19:38 | Crear | Archer |
| 19:38 | Crear | Archer |
| 19:38 | Crear | Archer |
| 19:39 | Crear | Archer |
| 19:39 | Crear | Archer |
| 19:39 | Crear | Archer |
| 19:39 | Crear | Archer |
| 19:39 | Crear | Archer |
| 19:40 | Crear | Archer |
| 20:02 | Construir | House |
| 20:03 | Construir | House |
| 20:31 | Investigar | Padded Archer Armor |
| 21:21 | Crear | Archer |
| 21:21 | Crear | Archer |
| 21:21 | Crear | Archer |
| 22:13 | Construir | House |
| 22:17 | Edad | Edad de los Castillos |
| 22:22 | Construir | Siege Workshop |
| 22:24 | Crear | Villager (Male) |
| 22:24 | Crear | Villager (Male) |
| 22:35 | Construir | House |
| 23:12 | Construir | Lumber Camp |
| 23:23 | Crear | Villager (Male) |
| 23:33 | Construir | House |
| 23:34 | Construir | House |
| 23:37 | Construir | Palisade Wall |
| 25:00 | Investigar | Crossbowman (upgrade) |
| 25:00 | Investigar | Bodkin Arrow |
| 25:14 | Construir | Lumber Camp |
| 26:02 | Construir | House |
| 26:16 | Investigar | Bow Saw |
| 26:16 | Crear | Villager (Male) |
| 26:16 | Crear | Villager (Male) |
| 26:21 | Crear | Archer |
| 26:21 | Crear | Archer |
| 26:21 | Crear | Archer |
| 26:21 | Crear | Archer |
| 26:38 | Construir | Palisade Wall |
| 27:09 | Crear | Scorpion |
| 27:17 | Construir | Farm |
| 27:45 | Construir | University |
| 27:54 | Crear | Mangonel |
Build order — ggggidea
Primeras 150 de 298 acciones detectadas
| 0:04 | Crear | Villager (Male) |
| 0:04 | Crear | Villager (Male) |
| 0:06 | Construir | House |
| 0:08 | Construir | House |
| 0:19 | Crear | Villager (Male) |
| 0:20 | Crear | Villager (Male) |
| 1:39 | Crear | Villager (Male) |
| 1:55 | Crear | Villager (Male) |
| 1:55 | Crear | Villager (Male) |
| 2:26 | Construir | Lumber Camp |
| 2:40 | Crear | Villager (Male) |
| 2:40 | Crear | Villager (Male) |
| 3:15 | Crear | Villager (Male) |
| 3:36 | Crear | Villager (Male) |
| 3:37 | Crear | Villager (Male) |
| 3:55 | Construir | House |
| 4:11 | Crear | Villager (Male) |
| 4:12 | Crear | Villager (Male) |
| 4:43 | Construir | Mill |
| 5:05 | Crear | Villager (Male) |
| 5:08 | Crear | Villager (Male) |
| 5:38 | Crear | Villager (Male) |
| 5:39 | Crear | Villager (Male) |
| 6:17 | Crear | Villager (Male) |
| 6:22 | Construir | House |
| 6:43 | Crear | Villager (Male) |
| 7:10 | Crear | Villager (Male) |
| 7:13 | Investigar | Loom |
| 8:07 | Investigar | Feudal Age |
| 8:21 | Construir | Barracks |
| 8:30 | Construir | House |
| 8:37 | Construir | Palisade Wall |
| 10:17 | Edad | Edad Feudal |
| 10:28 | Crear | Villager (Male) |
| 10:33 | Construir | Stable |
| 10:40 | Investigar | Double-Bit Axe |
| 10:42 | Crear | Villager (Male) |
| 11:13 | Crear | Scout Cavalry |
| 11:13 | Crear | Scout Cavalry |
| 11:27 | Construir | Blacksmith |
| 11:29 | Crear | Scout Cavalry |
| 11:30 | Crear | Villager (Male) |
| 11:45 | Crear | Villager (Male) |
| 11:55 | Construir | Town Center |
| 12:13 | Investigar | Forging |
| 12:14 | Crear | Villager (Male) |
| 12:26 | Construir | Farm |
| 12:37 | Construir | House |
| 12:45 | Crear | Villager (Male) |
| 12:46 | Construir | Farm |
| 12:51 | Construir | Farm |
| 13:15 | Construir | Farm |
| 13:26 | Construir | Farm |
| 13:27 | Construir | Farm |
| 13:29 | Crear | Villager (Male) |
| 14:14 | Crear | Villager (Male) |
| 14:17 | Construir | Farm |
| 14:20 | Crear | Villager (Male) |
| 14:23 | Construir | Farm |
| 14:24 | Crear | Villager (Male) |
| 14:37 | Construir | Farm |
| 14:38 | Construir | Farm |
| 14:40 | Crear | Villager (Male) |
| 14:41 | Crear | Villager (Male) |
| 15:36 | Crear | Villager (Male) |
| 15:36 | Crear | Villager (Male) |
| 15:37 | Crear | Villager (Male) |
| 15:40 | Construir | House |
| 15:41 | Construir | House |
| 15:48 | Crear | Villager (Male) |
| 15:48 | Crear | Villager (Male) |
| 16:05 | Construir | Farm |
| 16:06 | Construir | Farm |
| 16:07 | Construir | Farm |
| 16:11 | Crear | Villager (Male) |
| 16:12 | Crear | Villager (Male) |
| 16:19 | Construir | Mining Camp |
| 17:21 | Crear | Villager (Male) |
| 17:22 | Crear | Villager (Male) |
| 17:25 | Crear | Scout Cavalry |
| 17:25 | Crear | Scout Cavalry |
| 17:28 | Investigar | Scale Barding Armor |
| 17:29 | Crear | Villager (Male) |
| 17:33 | Construir | Farm |
| 17:34 | Construir | Farm |
| 17:37 | Construir | Farm |
| 18:10 | Crear | Villager (Male) |
| 18:11 | Crear | Villager (Male) |
| 18:51 | Crear | Villager (Male) |
| 18:52 | Crear | Villager (Male) |
| 18:52 | Crear | Villager (Male) |
| 18:56 | Construir | Farm |
| 18:58 | Construir | Farm |
| 18:59 | Construir | Farm |
| 19:02 | Construir | Mill |
| 19:14 | Crear | Villager (Male) |
| 19:16 | Construir | Farm |
| 19:19 | Construir | Farm |
| 19:20 | Investigar | Horse Collar |
| 19:21 | Crear | Villager (Male) |
| 19:22 | Crear | Villager (Male) |
| 19:22 | Crear | Villager (Male) |
| 19:25 | Construir | House |
| 19:26 | Construir | House |
| 19:40 | Investigar | Gold Mining |
| 19:41 | Crear | Villager (Male) |
| 19:47 | Construir | Market |
| 19:49 | Construir | House |
| 19:51 | Crear | Villager (Male) |
| 19:52 | Crear | Villager (Male) |
| 20:01 | Construir | House |
| 20:04 | Construir | House |
| 20:06 | Construir | House |
| 20:14 | Crear | Scout Cavalry |
| 20:14 | Crear | Scout Cavalry |
| 20:15 | Crear | Scout Cavalry |
| 20:42 | Construir | Farm |
| 20:56 | Construir | Farm |
| 20:57 | Construir | Farm |
| 20:59 | Construir | Farm |
| 21:05 | Construir | Mill |
| 21:07 | Crear | Villager (Male) |
| 21:08 | Crear | Villager (Male) |
| 21:08 | Crear | Villager (Male) |
| 21:20 | Construir | Farm |
| 21:37 | Construir | Mining Camp |
| 21:56 | Investigar | Wheelbarrow |
| 21:58 | Crear | Villager (Male) |
| 21:59 | Construir | Farm |
| 22:08 | Construir | Lumber Camp |
| 22:55 | Crear | Villager (Male) |
| 22:56 | Crear | Villager (Male) |
| 23:04 | Investigar | Castle Age |
| 23:48 | Crear | Villager (Male) |
| 23:51 | Investigar | Bloodlines |
| 23:57 | Construir | Stable |
| 24:34 | Investigar | Stone Mining |
| 24:39 | Construir | Stable |
| 25:36 | Crear | Villager (Male) |
| 25:37 | Crear | Villager (Male) |
| 25:38 | Construir | Farm |
| 25:38 | Construir | Farm |
| 25:44 | Edad | Edad de los Castillos |
| 25:46 | Construir | Stable |
| 25:51 | Crear | Knight |
| 25:51 | Crear | Knight |
| 25:51 | Crear | Knight |
| 25:52 | Crear | Knight |
| 25:53 | Investigar | Chain Barding Armor |
| 25:54 | Investigar | Iron Casting |
Build order — jusart.92
Primeras 150 de 212 acciones detectadas
| 0:01 | Crear | Villager (Male) |
| 0:02 | Crear | Villager (Male) |
| 0:02 | Crear | Villager (Male) |
| 0:03 | Construir | House |
| 0:05 | Construir | House |
| 0:37 | Crear | Villager (Male) |
| 2:11 | Crear | Villager (Male) |
| 2:12 | Crear | Villager (Male) |
| 2:12 | Crear | Villager (Male) |
| 2:12 | Crear | Villager (Male) |
| 2:18 | Construir | Lumber Camp |
| 2:39 | Crear | Villager (Male) |
| 2:39 | Crear | Villager (Male) |
| 3:11 | Crear | Villager (Male) |
| 3:12 | Crear | Villager (Male) |
| 3:39 | Crear | Villager (Male) |
| 3:39 | Crear | Villager (Male) |
| 4:19 | Crear | Villager (Male) |
| 4:19 | Crear | Villager (Male) |
| 4:21 | Construir | House |
| 4:52 | Construir | Mining Camp |
| 5:03 | Construir | Mining Camp |
| 5:13 | Crear | Villager (Male) |
| 5:13 | Crear | Villager (Male) |
| 5:14 | Crear | Villager (Male) |
| 5:14 | Crear | Villager (Male) |
| 6:17 | Crear | Villager (Male) |
| 6:18 | Crear | Villager (Male) |
| 6:50 | Crear | Villager (Male) |
| 6:53 | Investigar | Loom |
| 7:41 | Investigar | Feudal Age |
| 8:29 | Construir | Barracks |
| 8:30 | Construir | House |
| 9:47 | Construir | House |
| 9:53 | Edad | Edad Feudal |
| 9:58 | Construir | Archery Range |
| 10:00 | Crear | Villager (Male) |
| 10:06 | Construir | Stable |
| 10:09 | Construir | Palisade Wall |
| 10:27 | Crear | Villager (Male) |
| 10:35 | Construir | Mill |
| 10:47 | Crear | Archer |
| 10:50 | Crear | Villager (Male) |
| 10:56 | Construir | House |
| 10:57 | Construir | House |
| 10:59 | Construir | Palisade Wall |
| 11:01 | Crear | Villager (Male) |
| 11:10 | Construir | Farm |
| 11:23 | Construir | House |
| 11:25 | Construir | Stone Wall |
| 11:33 | Crear | Scout Cavalry |
| 11:34 | Crear | Scout Cavalry |
| 11:37 | Construir | Farm |
| 11:52 | Crear | Villager (Male) |
| 11:55 | Crear | Villager (Male) |
| 12:08 | Crear | Villager (Male) |
| 12:16 | Construir | House |
| 12:18 | Construir | Palisade Wall |
| 12:45 | Crear | Skirmisher |
| 12:45 | Crear | Skirmisher |
| 12:51 | Construir | Farm |
| 12:51 | Construir | Farm |
| 12:56 | Construir | Farm |
| 13:03 | Construir | House |
| 13:29 | Crear | Skirmisher |
| 13:29 | Crear | Villager (Male) |
| 13:34 | Construir | House |
| 13:37 | Construir | Stone Wall |
| 14:08 | Crear | Villager (Male) |
| 14:11 | Construir | House |
| 14:26 | Construir | Farm |
| 14:26 | Construir | Farm |
| 14:30 | Construir | Farm |
| 14:34 | Crear | Skirmisher |
| 14:35 | Crear | Villager (Male) |
| 14:41 | Construir | House |
| 14:48 | Crear | Skirmisher |
| 14:56 | Construir | Farm |
| 14:56 | Construir | Farm |
| 15:08 | Crear | Villager (Male) |
| 15:22 | Construir | Lumber Camp |
| 15:32 | Construir | House |
| 15:34 | Construir | Stone Wall |
| 15:35 | Crear | Villager (Male) |
| 16:02 | Construir | House |
| 16:12 | Construir | Farm |
| 16:12 | Crear | Villager (Male) |
| 16:40 | Crear | Spearman |
| 16:41 | Crear | Spearman |
| 16:41 | Crear | Villager (Male) |
| 16:46 | Crear | Scout Cavalry |
| 16:46 | Investigar | Bloodlines |
| 17:40 | Construir | Farm |
| 17:40 | Construir | Farm |
| 17:40 | Construir | Farm |
| 18:33 | Crear | Scout Cavalry |
| 18:33 | Crear | Scout Cavalry |
| 18:34 | Crear | Scout Cavalry |
| 19:32 | Construir | Lumber Camp |
| 21:26 | Construir | Blacksmith |
| 22:01 | Investigar | Castle Age |
| 22:04 | Construir | Stone Wall |
| 22:17 | Construir | Farm |
| 23:03 | Construir | Mining Camp |
| 23:38 | Construir | Gate |
| 23:42 | Crear | Villager (Male) |
| 23:56 | Investigar | Double-Bit Axe |
| 23:58 | Investigar | Gold Mining |
| 24:06 | Investigar | Horse Collar |
| 24:27 | Crear | Villager (Male) |
| 24:41 | Edad | Edad de los Castillos |
| 24:43 | Crear | Villager (Male) |
| 24:54 | Investigar | Padded Archer Armor |
| 25:14 | Investigar | Husbandry |
| 25:21 | Crear | Knight |
| 25:21 | Crear | Knight |
| 25:21 | Crear | Knight |
| 25:28 | Investigar | Husbandry |
| 25:46 | Crear | Villager (Male) |
| 26:06 | Crear | Villager (Male) |
| 26:21 | Construir | Town Center |
| 26:40 | Crear | Villager (Male) |
| 26:57 | Crear | Knight |
| 26:57 | Crear | Knight |
| 26:58 | Crear | Knight |
| 26:58 | Crear | Villager (Male) |
| 27:31 | Crear | Villager (Male) |
| 27:56 | Crear | Villager (Male) |
| 28:15 | Crear | Villager (Male) |
| 28:35 | Crear | Villager (Male) |
| 28:40 | Construir | Siege Workshop |
| 28:48 | Crear | Villager (Male) |
| 28:59 | Crear | Villager (Male) |
| 29:01 | Crear | Villager (Male) |
| 29:08 | Construir | Farm |
| 29:11 | Construir | Farm |
| 29:28 | Crear | Villager (Male) |
| 29:39 | Crear | Villager (Male) |
| 29:42 | Construir | Farm |
| 29:47 | Crear | Villager (Male) |
| 29:58 | Construir | Castle |
| 30:13 | Investigar | Wheelbarrow |
| 30:21 | Crear | Villager (Male) |
| 30:50 | Crear | Villager (Male) |
| 31:01 | Crear | Battering Ram |
| 31:12 | Crear | Villager (Male) |
| 31:43 | Crear | Villager (Male) |
| 31:43 | Crear | Villager (Male) |
| 31:44 | Crear | Villager (Male) |
| 31:47 | Construir | Farm |
Build order — 一杯茶
Primeras 150 de 152 acciones detectadas
| 0:02 | Crear | Villager (Male) |
| 0:02 | Crear | Villager (Male) |
| 0:03 | Crear | Villager (Male) |
| 0:03 | Crear | Villager (Male) |
| 0:03 | Crear | Villager (Male) |
| 0:06 | Construir | House |
| 0:08 | Construir | House |
| 1:37 | Crear | Villager (Male) |
| 1:56 | Construir | Lumber Camp |
| 1:58 | Crear | Villager (Male) |
| 2:33 | Crear | Villager (Male) |
| 2:33 | Crear | Villager (Male) |
| 2:56 | Crear | Villager (Male) |
| 3:21 | Crear | Villager (Male) |
| 3:44 | Crear | Villager (Male) |
| 3:49 | Construir | House |
| 3:51 | Construir | House |
| 3:55 | Construir | House |
| 4:18 | Crear | Villager (Male) |
| 5:00 | Crear | Villager (Male) |
| 5:10 | Crear | Villager (Male) |
| 5:19 | Construir | Mill |
| 5:34 | Construir | Palisade Wall |
| 5:42 | Crear | Villager (Male) |
| 6:11 | Crear | Villager (Male) |
| 6:29 | Crear | Villager (Male) |
| 6:54 | Investigar | Loom |
| 7:29 | Construir | Mining Camp |
| 7:33 | Crear | Villager (Male) |
| 8:01 | Investigar | Feudal Age |
| 8:47 | Construir | Palisade Wall |
| 9:14 | Construir | Barracks |
| 9:29 | Construir | House |
| 9:46 | Crear | Villager (Male) |
| 9:49 | Crear | Villager (Male) |
| 10:10 | Construir | Palisade Gate |
| 10:11 | Edad | Edad Feudal |
| 10:20 | Construir | Archery Range |
| 10:28 | Crear | Villager (Male) |
| 10:39 | Construir | Palisade Wall |
| 11:14 | Crear | Villager (Male) |
| 11:23 | Construir | Blacksmith |
| 11:49 | Crear | Villager (Male) |
| 11:52 | Investigar | Double-Bit Axe |
| 12:11 | Crear | Skirmisher |
| 12:12 | Crear | Skirmisher |
| 12:15 | Crear | Villager (Male) |
| 12:44 | Crear | Villager (Male) |
| 12:59 | Construir | Archery Range |
| 13:09 | Crear | Skirmisher |
| 13:15 | Construir | Farm |
| 13:25 | Construir | Palisade Gate |
| 13:39 | Construir | Palisade Wall |
| 13:41 | Construir | Palisade Wall |
| 13:51 | Crear | Spearman |
| 13:51 | Crear | Spearman |
| 14:01 | Construir | House |
| 14:15 | Construir | Watch Tower |
| 14:20 | Crear | Skirmisher |
| 14:21 | Crear | Skirmisher |
| 14:42 | Construir | House |
| 14:43 | Construir | House |
| 15:09 | Crear | Spearman |
| 15:13 | Construir | Farm |
| 15:16 | Construir | Farm |
| 15:22 | Crear | Spearman |
| 15:25 | Construir | Farm |
| 15:26 | Construir | Farm |
| 15:42 | Crear | Skirmisher |
| 15:43 | Crear | Skirmisher |
| 15:57 | Construir | Palisade Wall |
| 16:03 | Crear | Spearman |
| 16:38 | Investigar | Fletching |
| 16:57 | Crear | Villager (Male) |
| 17:10 | Construir | Farm |
| 17:12 | Crear | Villager (Male) |
| 17:22 | Construir | Farm |
| 17:38 | Construir | Palisade Wall |
| 17:40 | Construir | Palisade Wall |
| 17:47 | Construir | Farm |
| 18:00 | Construir | Mining Camp |
| 18:10 | Construir | Farm |
| 18:11 | Crear | Villager (Male) |
| 18:21 | Construir | Lumber Camp |
| 18:24 | Construir | Farm |
| 18:30 | Construir | Farm |
| 18:33 | Crear | Villager (Male) |
| 20:06 | Crear | Villager (Male) |
| 20:06 | Crear | Villager (Male) |
| 20:07 | Crear | Villager (Male) |
| 20:09 | Investigar | Wheelbarrow |
| 20:37 | Crear | Spearman |
| 20:41 | Crear | Skirmisher |
| 20:42 | Crear | Skirmisher |
| 20:42 | Crear | Skirmisher |
| 22:11 | Crear | Villager (Male) |
| 22:25 | Construir | Watch Tower |
| 22:42 | Construir | Market |
| 22:57 | Construir | Farm |
| 23:14 | Crear | Villager (Male) |
| 23:15 | Crear | Villager (Male) |
| 23:54 | Investigar | Castle Age |
| 24:20 | Construir | House |
| 24:22 | Construir | House |
| 24:24 | Construir | House |
| 25:13 | Crear | Skirmisher |
| 25:13 | Crear | Skirmisher |
| 25:14 | Crear | Skirmisher |
| 25:43 | Crear | Spearman |
| 26:16 | Construir | House |
| 26:18 | Construir | House |
| 26:22 | Crear | Villager (Male) |
| 26:22 | Crear | Villager (Male) |
| 26:23 | Crear | Villager (Male) |
| 26:43 | Investigar | Arson |
| 26:44 | Crear | Spearman |
| 26:44 | Edad | Edad de los Castillos |
| 26:44 | Crear | Spearman |
| 27:10 | Investigar | Elite Skirmisher (upgrade) |
| 27:11 | Crear | Skirmisher |
| 27:11 | Crear | Skirmisher |
| 27:11 | Crear | Skirmisher |
| 27:11 | Crear | Skirmisher |
| 27:20 | Investigar | Bodkin Arrow |
| 27:31 | Crear | Villager (Male) |
| 27:48 | Investigar | Pikeman (upgrade) |
| 27:59 | Crear | Skirmisher |
| 27:59 | Crear | Skirmisher |
| 28:24 | Construir | Watch Tower |
| 28:53 | Construir | Siege Workshop |
| 29:01 | Crear | Spearman |
| 29:02 | Crear | Spearman |
| 29:54 | Crear | Iron Pagoda |
| 29:56 | Construir | House |
| 29:58 | Construir | House |
| 30:04 | Crear | Villager (Male) |
| 31:05 | Crear | Iron Pagoda |
| 31:36 | Construir | Watch Tower |
| 31:44 | Crear | Villager (Male) |
| 31:45 | Crear | Villager (Male) |
| 33:24 | Crear | Villager (Male) |
| 33:25 | Crear | Villager (Male) |
| 33:33 | Construir | Palisade Wall |
| 35:00 | Crear | Iron Pagoda |
| 35:12 | Crear | Spearman |
| 35:12 | Crear | Spearman |
| 35:28 | Construir | Palisade Gate |
| 35:35 | Construir | House |
| 35:36 | Construir | House |
| 36:07 | Crear | Skirmisher |
Cronología de la partida
| 5:34 | 一杯茶 · wall_segment Palisade Wall x5 |
| 8:21 | ggggidea · first_building Barracks |
| 8:25 | Portel4 · first_building Barracks |
| 8:29 | jusart.92 · first_building Barracks |
| 8:35 | Ragnar Stark · first_building Barracks |
| 8:37 | ggggidea · wall_segment Palisade Wall x15 |
| 8:47 | 一杯茶 · wall_segment Palisade Wall x9 |
| 9:06 | woohoohoo · first_building Barracks |
| 9:14 | 一杯茶 · first_building Barracks |
| 9:19 | Ragnar Stark · age_up feudal |
| 9:20 | Portel4 · age_up feudal |
| 9:21 | woohoohoo · wall_segment Palisade Wall x3 |
| 9:23 | woohoohoo · wall_segment Palisade Wall x6 |
| 9:33 | Portel4 · first_building Stable |
| 9:53 | jusart.92 · age_up feudal |
| 9:55 | Ragnar Stark · first_building Archery Range |
| 9:58 | jusart.92 · first_building Archery Range |
| 10:06 | jusart.92 · first_building Stable |
| 10:07 | Portel4 · wall_segment Palisade Wall x1 |
| 10:09 | jusart.92 · wall_segment Palisade Wall x2 |
| 10:09 | Portel4 · wall_segment Palisade Wall x11 |
| 10:11 | 一杯茶 · age_up feudal |
| 10:17 | ggggidea · age_up feudal |
| 10:20 | 一杯茶 · first_building Archery Range |
| 10:33 | ggggidea · first_building Stable |
| 10:39 | 一杯茶 · wall_segment Palisade Wall x12 |
| 10:59 | jusart.92 · wall_segment Palisade Wall x4 |
| 11:06 | woohoohoo · age_up feudal |
| 11:14 | woohoohoo · first_building Archery Range |
| 11:25 | jusart.92 · wall_segment Stone Wall x7 |
| 12:06 | Portel4 · wall_segment Palisade Wall x18 |
| 12:18 | jusart.92 · wall_segment Palisade Wall x4 |
| 12:23 | Ragnar Stark · wall_segment Palisade Wall x7 |
| 13:13 | woohoohoo · wall_segment Palisade Wall x8 |
| 13:37 | jusart.92 · wall_segment Stone Wall x6 |
| 13:39 | 一杯茶 · wall_segment Palisade Wall x12 |
| 13:41 | 一杯茶 · wall_segment Palisade Wall x2 |
| 14:40 | Ragnar Stark · wall_segment Palisade Wall x6 |
| 15:34 | jusart.92 · wall_segment Stone Wall x10 |
| 15:51 | Portel4 · wall_segment Palisade Wall x12 |
| 15:57 | 一杯茶 · wall_segment Palisade Wall x8 |
| 17:38 | 一杯茶 · wall_segment Palisade Wall x7 |
| 17:40 | 一杯茶 · wall_segment Palisade Wall x8 |
| 17:45 | Portel4 · wall_segment Palisade Wall x18 |
| 18:29 | Ragnar Stark · wall_segment Palisade Wall x1 |
| 19:30 | Portel4 · wall_segment Palisade Wall x9 |
| 19:36 | Portel4 · wall_segment Palisade Wall x9 |
| 22:04 | jusart.92 · wall_segment Stone Wall x4 |
| 22:17 | Ragnar Stark · age_up castle |
| 22:22 | Ragnar Stark · first_building Siege Workshop |
| 23:00 | ggggidea · first_market_buy 100 food |
| 23:37 | Ragnar Stark · wall_segment Palisade Wall x1 |
| 23:48 | 一杯茶 · first_market_buy 100 food |
| 24:41 | jusart.92 · age_up castle |
| 25:28 | Portel4 · age_up castle |
| 25:44 | ggggidea · age_up castle |
| 26:38 | Ragnar Stark · wall_segment Palisade Wall x8 |
| 26:44 | 一杯茶 · age_up castle |
| 28:40 | jusart.92 · first_building Siege Workshop |
| 28:53 | 一杯茶 · first_building Siege Workshop |
| 29:12 | woohoohoo · age_up castle |
| 29:28 | woohoohoo · first_building Castle |
| 29:58 | jusart.92 · first_building Castle |
| 31:50 | Portel4 · first_market_sell 100 wood |
| 32:35 | Portel4 · resign |
| 33:22 | Ragnar Stark · wall_segment Palisade Wall x1 |
| 33:33 | 一杯茶 · wall_segment Palisade Wall x7 |
| 33:33 | ggggidea · first_market_sell 100 wood |
[ ANÁLISIS IA · 1 CRÉDITO ]
¿Qué pasó realmente en esta partida?
Wolo.gg analiza cada decisión: build order, eco, micro, errores típicos por bracket. Análisis personalizado por WhatsApp o Discord en 30 segundos.
Guía civ
Godos
Guía mapa
Arabia
Perfil
Jugador #5158626